A
VANCOUVER MOUNTIES @ ERIE ROADRUNNERS
04/23/2060
 
TOP OF THE 1ST
Vancouver Mounties batting - Pitching for Erie Roadrunners : LHP Lee Austin
Pitching: LHP Lee Austin
Batting: RHB Darion Johnson 0-0: Fly out, F7 (Line Drive, 7, EV 90.6 MPH)
Batting: RHB Hayden Jeffus 0-0: Called Strike
0-1: Ground out 6-3 (Groundball, 6, EV 76.2 MPH)
Batting: RHB Nathan Vendel 0-0: Foul Ball, location: 2F
0-1: Ball
1-1: Ball
2-1: Swinging Strike
2-2: Ball
3-2: Strikes out swinging
Top of the 1st over - 0 runs, 0 hits, 0 errors, 0 left on base; Vancouver 0 - Erie 0
BOTTOM OF THE 1ST
Erie Roadrunners batting - Pitching for Vancouver Mounties : RHP Shawn Watson
Pitching: RHP Shawn Watson
Batting: RHB Tre Daalhuizen 0-0: Foul Ball, location: 2F
0-1: Ball
1-1: Swinging Strike
1-2: Strikes out swinging
Batting: RHB Nathan Richards 0-0: Fly out, F7 (Flyball, 78D, EV 99.4 MPH)
Batting: LHB Blake Coursey 0-0: Ball
1-0: Called Strike
1-1: Ball
2-1: Fly out, F7 (Flyball, 7S, EV 88.1 MPH)
Bottom of the 1st over - 0 runs, 0 hits, 0 errors, 0 left on base; Vancouver 0 - Erie 0
TOP OF THE 2ND
Vancouver Mounties batting - Pitching for Erie Roadrunners : LHP Lee Austin
Batting: RHB Kaleb Klein 0-0: Called Strike
0-1: Ball
1-1: Foul Ball, location: 2F
1-2: Ground out 6-3 (Groundball, 6S, EV 84.4 MPH)
Batting: LHB Otis Tenorio 0-0: Ground out 5-3 (Groundball, 56S, EV 68.1 MPH)
Batting: SHB Rashid Letsos 0-0: Ball
1-0: Ball
2-0: Swinging Strike
2-1: Foul Ball, location: 2F
2-2: Ball
3-2: Strikes out looking
Top of the 2nd over - 0 runs, 0 hits, 0 errors, 0 left on base; Vancouver 0 - Erie 0
BOTTOM OF THE 2ND
Erie Roadrunners batting - Pitching for Vancouver Mounties : RHP Shawn Watson
Batting: LHB Tom McNew 0-0: Called Strike
0-1: Ball
1-1: Ball
2-1: Foul Ball, location: 2F
2-2: Ground out 4-3 (Groundball, 4, EV 88.8 MPH)
Batting: RHB Jasper Humphries 0-0: Called Strike
0-1: Ball
1-1: Foul Ball, location: 2F
1-2: Ball
2-2: Foul Ball, location: 2F
2-2: Foul Ball, location: 2F
2-2: Fly out, F7 (Line Drive, 7LM, EV 96.9 MPH)
Batting: LHB Bruno de Santiago 0-0: Called Strike
0-1: Ball
1-1: SINGLE (Groundball, 4M, EV 109.4 MPH) (infield hit)
Batting: SHB Andy Rollins 0-0: Ball
Pickoff Throw to First - Out! 1-3 CS
Bottom of the 2nd over - 0 runs, 1 hit, 0 errors, 0 left on base; Vancouver 0 - Erie 0
TOP OF THE 3RD
Vancouver Mounties batting - Pitching for Erie Roadrunners : LHP Lee Austin
Batting: RHB Greg Tucker 0-0: Ball
1-0: Called Strike
1-1: Ball
2-1: Foul Ball, location: 2F
2-2: Foul Ball, location: 2F
2-2: Strikes out swinging
Batting: RHB Brayan Wilford 0-0: Ball
1-0: Called Strike
1-1: Foul Ball, location: 2F
1-2: Strikes out swinging
Batting: SHB Roy Lofgren 0-0: Fly out, F8 (Flyball, 8RD, EV 98.1 MPH)
Top of the 3rd over - 0 runs, 0 hits, 0 errors, 0 left on base; Vancouver 0 - Erie 0
BOTTOM OF THE 3RD
Erie Roadrunners batting - Pitching for Vancouver Mounties : RHP Shawn Watson
Batting: SHB Andy Rollins 0-0: Ball
1-0: Ball
2-0: Foul Ball, location: 2F
2-1: Bunt for hit to 15S - play at first, batter safe!
Batting: LHB Jaiden Gelovani 0-0: Called Strike
Andy Rollins is caught stealing 2nd base 2-6
0-1: Ball
1-1: Swinging Strike
1-2: Strikes out swinging
Batting: RHB Ryan Simpson 0-0: Ground out 6-3 (Groundball, 6M, EV 81.9 MPH)
Bottom of the 3rd over - 0 runs, 1 hit, 0 errors, 0 left on base; Vancouver 0 - Erie 0
TOP OF THE 4TH
Vancouver Mounties batting - Pitching for Erie Roadrunners : LHP Lee Austin
Batting: RHB Darion Johnson 0-0: Called Strike
0-1: Ground out 5-3 (Groundball, 56S, EV 86.2 MPH)
Batting: RHB Hayden Jeffus 0-0: Foul Ball, location: 2F
0-1: Called Strike
0-2: Ball
1-2: Ball
2-2: Fly out, F7 (Flyball, 7, EV 81.9 MPH)
Batting: RHB Nathan Vendel 0-0: Foul Ball, location: 2F
0-1: Fly out, F9 (Flyball, 9D, EV 99.4 MPH)
Top of the 4th over - 0 runs, 0 hits, 0 errors, 0 left on base; Vancouver 0 - Erie 0
BOTTOM OF THE 4TH
Erie Roadrunners batting - Pitching for Vancouver Mounties : RHP Shawn Watson
Batting: RHB Tre Daalhuizen 0-0: Ball
1-0: Called Strike
1-1: Swinging Strike
1-2: Strikes out swinging
Batting: RHB Nathan Richards 0-0: Ball
1-0: Swinging Strike
1-1: Fly out, F7 (Flyball, 7, EV 84.4 MPH)
Batting: LHB Blake Coursey 0-0: Swinging Strike
0-1: Ball
1-1: Ball
2-1: Foul Ball, location: 2F
2-2: Foul Ball, location: 2F
2-2: Foul Ball, location: 2F
2-2: Strikes out swinging
Bottom of the 4th over - 0 runs, 0 hits, 0 errors, 0 left on base; Vancouver 0 - Erie 0
TOP OF THE 5TH
Vancouver Mounties batting - Pitching for Erie Roadrunners : LHP Lee Austin
Batting: RHB Kaleb Klein 0-0: Ball
1-0: Called Strike
1-1: Ground out 6-3 (Groundball, 6S, EV 64.4 MPH)
Batting: LHB Otis Tenorio 0-0: Called Strike
0-1: Called Strike
0-2: Strikes out looking
Batting: SHB Rashid Letsos 0-0: Ball
1-0: Ball
2-0: Called Strike
2-1: Swinging Strike
2-2: Ball
3-2: Strikes out swinging, 2-3 out at first.
Top of the 5th over - 0 runs, 0 hits, 0 errors, 0 left on base; Vancouver 0 - Erie 0
BOTTOM OF THE 5TH
Erie Roadrunners batting - Pitching for Vancouver Mounties : RHP Shawn Watson
Batting: LHB Tom McNew 0-0: Ball
1-0: Foul Ball, location: 2F
1-1: Ball
2-1: Fly out, F9 (Flyball, 89M, EV 79.4 MPH)
Batting: RHB Jasper Humphries 0-0: Ball
1-0: Ball
2-0: Called Strike
2-1: Ground out 3-1 (Groundball, 34S, EV 84.4 MPH)
Batting: LHB Bruno de Santiago 0-0: Called Strike
0-1: Hit by Pitch
Batting: SHB Andy Rollins 0-0: Ball
1-0: Ball
2-0: Foul Ball, location: 2F
2-1: Foul Ball, location: 2F
2-2: Foul Ball, location: 2F
2-2: Ball
3-2: Foul Ball, location: 2F
3-2: Base on Balls
Bruno de Santiago to second
Batting: LHB Jaiden Gelovani 0-0: Fly out, F6 (Popup, 6M, EV 62.5 MPH)
Bottom of the 5th over - 0 runs, 0 hits, 0 errors, 2 left on base; Vancouver 0 - Erie 0
TOP OF THE 6TH
Vancouver Mounties batting - Pitching for Erie Roadrunners : LHP Lee Austin
Batting: RHB Greg Tucker 0-0: Ball
1-0: Called Strike
1-1: Swinging Strike
1-2: Ground out U3 (Groundball, 3, EV 81.9 MPH)
Batting: RHB Brayan Wilford 0-0: Called Strike
0-1: Ball
1-1: Ball
2-1: Fly out, F2 (Popup, 2R, EV 96.2 MPH)
Batting: SHB Roy Lofgren 0-0: Called Strike
0-1: Ball
1-1: Called Strike
1-2: Ball
2-2: Foul Ball, location: 2F
2-2: Strikes out swinging
Top of the 6th over - 0 runs, 0 hits, 0 errors, 0 left on base; Vancouver 0 - Erie 0
BOTTOM OF THE 6TH
Erie Roadrunners batting - Pitching for Vancouver Mounties : RHP Shawn Watson
Batting: RHB Ryan Simpson 0-0: Called Strike
0-1: Called Strike
0-2: Ball
1-2: Strikes out swinging
Batting: RHB Tre Daalhuizen 0-0: Called Strike
0-1: SINGLE (Groundball, 34S, EV 64.4 MPH) (infield hit)
Batting: RHB Nathan Richards 0-0: Ball
1-0: Swinging Strike
1-1: Called Strike
1-2: Foul Ball, location: 2F
1-2: Fly out, F8 (Flyball, 8LS, EV 95.6 MPH)
Batting: LHB Blake Coursey 0-0: Foul Ball, location: 2F
0-1: Ball
Tre Daalhuizen is caught stealing 2nd base 2-6
Bottom of the 6th over - 0 runs, 1 hit, 0 errors, 0 left on base; Vancouver 0 - Erie 0
TOP OF THE 7TH
Vancouver Mounties batting - Pitching for Erie Roadrunners : LHP Lee Austin
Batting: RHB Darion Johnson 0-0: Called Strike
0-1: Foul Ball, location: 2F
0-2: Strikes out swinging passed ball, reaches first!
Batting: RHB Hayden Jeffus 0-0: Bunted foul
0-1: Bunt - Flyout to P! F1
Batting: RHB Nathan Vendel 0-0: Ball
1-0: Ball
2-0: Foul Ball, location: 2F
2-1: Ball
3-1: SINGLE (Line Drive, 6D, EV 95.0 MPH)
Darion Johnson to second
Runner from 2nd tries for 3rd, SAFE, throw by CF made to third
Batting: RHB Kaleb Klein 0-0: Called Strike
0-1: Foul Ball, location: 2F
0-2: Ball
1-2: Foul Ball, location: 2F
1-2: Ground out 5-3 (Groundball, 56S, EV 65.6 MPH)
Nathan Vendel to second
Batting: LHB Otis Tenorio 0-0: Called Strike
0-1: Foul Ball, location: 2F
0-2: Ball
1-2: Ball
2-2: Foul Ball, location: 2F
2-2: Fly out, F7 (Flyball, 7D, EV 88.8 MPH)
Top of the 7th over - 0 runs, 1 hit, 0 errors, 2 left on base; Vancouver 0 - Erie 0
BOTTOM OF THE 7TH
Erie Roadrunners batting - Pitching for Vancouver Mounties : RHP Shawn Watson
Batting: LHB Blake Coursey 0-0: Ball
1-0: Called Strike
1-1: Ball
2-1: Ball
3-1: Foul Ball, location: 2F
3-2: SINGLE (Line Drive, 8RS, EV 96.9 MPH)
Pitching: RHP Tom McNeely
Batting: LHB Tom McNew 0-0: Foul Ball, location: 2F
0-1: Ball
1-1: Foul Ball, location: 2F
1-2: Ball
2-2: Ball
3-2: Strikes out looking
Batting: RHB Jasper Humphries 0-0: Ball
1-0: Ball
2-0: Foul Ball, location: 2F
2-1: Foul Ball, location: 2F
2-2: Foul Ball, location: 2F
2-2: Strikes out swinging
Batting: LHB Bruno de Santiago 0-0: Ball
1-0: Ball
2-0: Foul Ball, location: 2F
2-1: Fly out, F4 (Line Drive, 4, EV 74.4 MPH)
Bottom of the 7th over - 0 runs, 1 hit, 0 errors, 1 left on base; Vancouver 0 - Erie 0
TOP OF THE 8TH
Vancouver Mounties batting - Pitching for Erie Roadrunners : LHP Lee Austin
Batting: SHB Rashid Letsos 0-0: Ball
1-0: Foul Ball, location: 2F
1-1: Foul Ball, location: 2F
1-2: Ball
2-2: Strikes out looking
Batting: RHB Greg Tucker 0-0: Ball
1-0: Foul Ball, location: 2F
1-1: Fly out, F8 (Flyball, 8LS, EV 91.2 MPH)
Batting: RHB Brayan Wilford 0-0: Called Strike
0-1: SINGLE (Groundball, 56D, EV 110.6 MPH)
Batting: SHB Roy Lofgren 0-0: Ball
1-0: Called Strike
1-1: Ball
2-1: Called Strike
2-2: Foul Ball, location: 2F
2-2: Strikes out looking
Top of the 8th over - 0 runs, 1 hit, 0 errors, 1 left on base; Vancouver 0 - Erie 0
BOTTOM OF THE 8TH
Erie Roadrunners batting - Pitching for Vancouver Mounties : RHP Tom McNeely
Batting: SHB Andy Rollins 0-0: Ball
1-0: Ball
2-0: Ball
3-0: Called Strike
3-1: Called Strike
3-2: Fly out, F8 (Line Drive, 8LM, EV 101.9 MPH)
Batting: LHB Jaiden Gelovani 0-0: Called Strike
0-1: Ball
1-1: Foul Ball, location: 2F
1-2: Foul Ball, location: 2F
1-2: Ball
2-2: Fly out, F3 (Popup, 3SF, EV 80.0 MPH)
Pitching: RHP Tommy Martin
Batting: RHB Ryan Simpson 0-0: Ball
1-0: Foul Ball, location: 2F
1-1: Foul Ball, location: 2F
1-2: Ball
2-2: Ground out 6-3 (Groundball, 6S, EV 88.8 MPH)
Bottom of the 8th over - 0 runs, 0 hits, 0 errors, 0 left on base; Vancouver 0 - Erie 0
TOP OF THE 9TH
Vancouver Mounties batting - Pitching for Erie Roadrunners : LHP Lee Austin
Pitching: RHP Daxter Woevodin
Pinch Hitting: LHB Dave Wagner 0-0: SINGLE (Flyball, 78S, EV 93.8 MPH)
Batting: RHB Hayden Jeffus 0-0: Ball
1-0: Bunt missed!
1-1: Ball
2-1: Ball
3-1: Base on Balls
Dave Wagner to second
Batting: RHB Nathan Vendel 0-0: Called Strike
0-1: Ball
1-1: Ball
2-1: Ball
3-1: SINGLE (Line Drive, 9S, EV 91.2 MPH)
Dave Wagner to third
Hayden Jeffus to second
Batting: RHB Kaleb Klein 0-0: Called Strike
0-1: Ball
1-1: SINGLE (Groundball, 6, EV 108.1 MPH) (infield hit)
Dave Wagner scores
Hayden Jeffus to third
Nathan Vendel to second
Batting: LHB Otis Tenorio 0-0: Ball
1-0: Called Strike
1-1: Foul Ball, location: 2F
1-2: Foul Ball, location: 2F
1-2: Foul Ball, location: 2F
1-2: Ball
2-2: Ball
3-2: Grounds into fielders choice 4-2 (Groundball, 4, EV 103.8 MPH)
Nathan Vendel to third
Kaleb Klein to second
Batting: SHB Rashid Letsos 0-0: Grounds into double play, 3-2-3 (Groundball, 34S, EV 85.0 MPH)
Top of the 9th over - 1 run, 3 hits, 0 errors, 2 left on base; Vancouver 1 - Erie 0
BOTTOM OF THE 9TH
Erie Roadrunners batting - Pitching for Vancouver Mounties : RHP Tommy Martin
Now at 3B: Hayden Jeffus
Now at SS: Brock Hutchins
Batting: RHB Tre Daalhuizen 0-0: Ball
1-0: Ball
2-0: Foul Ball, location: 2F
2-1: Swinging Strike
2-2: Ball
3-2: Foul Ball, location: 2F
3-2: Fly out, F9 (Flyball, 9S, EV 85.6 MPH)
Batting: RHB Nathan Richards 0-0: Ball
1-0: Called Strike
1-1: Ball
2-1: Called Strike
2-2: Ball
3-2: Strikes out swinging
Batting: LHB Blake Coursey 0-0: Ball
1-0: Ground out 2-3 (Groundball, 15S, EV 67.5 MPH)
Bottom of the 9th over - 0 runs, 0 hits, 0 errors, 0 left on base; Vancouver 1 - Erie 0
Monday, April 29th , 2024 - OOTP Baseball 23.10 Build 110